 Dungeon Sprint DCSS version 0.29-a0-1009-g60c99734e7 (webtiles) character file.

Game seed: 2138195606287913121

632 Hubris850 the Zephyrmancer (level 7, -1/50 HPs)
             Began as a Green Draconian Air Elementalist on Aug 8, 2022.
             Was an Initiate of Nemelex Xobeh.
             Slain by a troll (3 damage)
             ... in the Dungeon (Sprint IX: "|||||||||||||||||||||||||||||").
             The game lasted 00:02:40 (223 turns).

Hubris850 the Zephyrmancer (DrAE)                    Turns: 223, Time: 00:02:41

Health: -1/50      AC:  7    Str: 10    XL:     7   Next: 24%
Magic:  2/19       EV: 14    Int: 21    God:    Nemelex Xobeh [......]
Gold:   0          SH:  0    Dex: 11    Spells: 22/23 levels left

rFire   . . .      SeeInvis .   k - +4 quarterstaff (speed)
rCold   . . .      Faith    .   (shield currently unavailable)
rNeg    . . .      Spirit   .   (body armour unavailable)
rPois   +          Reflect  .   (helmet restricted)
rElec   .          Harm     .   (no cloak)
rCorr   .          Rampage  .   l - +0 pair of gloves
Will    .....      NoTele   +   (no boots)
Stlth   ++........              (no amulet)
HPRegen 0.16/turn               m - +2 ring of evasion
MPRegen 0.16/turn               n - +3 ring of intelligence

@: on berserk cooldown, hasted and slowed
A: breathe noxious fumes, AC +6, unfitting armour, poison resistance,
cold-blooded
a: Breathe Noxious Fumes, Renounce Religion, Draw Escape, Draw Destruction, Draw
Summoning


You were in the Dungeon.
You worshipped Nemelex Xobeh.
Nemelex Xobeh was noncommittal.
You visited 1 branch

Inventory:

Hand Weapons
 g - a +0 short sword
 k - a +4 quarterstaff of speed (weapon)
Armour
 l - a +0 pair of gloves (worn)
Jewellery
 m - a +2 ring of evasion (left hand)
 n - a +3 ring of intelligence (right hand)
Wands
 j - a wand of roots (10)
Scrolls
 f - 2 scrolls of blinking
 i - 2 scrolls of amnesia
Potions
 a - 4 potions of magic
 b - 5 potions of curing
 c - a potion of heal wounds
 h - a potion of invisibility


   Skills:
 - Level 1.7 Dodging
 - Level 1.7 Stealth
 + Level 8.6 Spellcasting
 + Level 9.2 Conjurations
 + Level 9.6 Air Magic


You had 22 spell levels left.
You knew the following spells:

 Your Spells              Type           Power      Damage    Failure   Level
a - Shock                 Conj/Air       100%       1d9       1%          1

Your spell library contained the following spells:

 Spells                   Type           Power      Damage    Failure   Level
 Static Discharge         Conj/Air       48%        3-9/arc   1%          2
 Swiftness                Air            49%        N/A       1%          3
 Airstrike                Air            24%        2d(4-20)  1%          4


Dungeon Overview and Level Annotations

Branches:
Dungeon (1/1)

Altars:
Cheibriados
Dithmenos
Elyvilon
Fedhas
Gozag
Hepliaklqana
Kikubaaqudgha
Makhleb
Nemelex Xobeh
Okawaru
Qazlal
Ru
Sif Muna
Trog
Uskayaw
Vehumet
Wu Jian
Xom
Yredelemnul
Zin
The Shining One
Jiyva
Lugonu


Innate Abilities, Weirdness & Mutations

You can breathe blasts of noxious fumes.
Your lurid green scales are hard. (AC +6)
You cannot fit into any form of body armour.
Your system is resistant to poisons. (rPois)
You are cold-blooded and may be slowed by cold attacks.


Message History

The troll bites you. The troll completely misses you. The troll claws you.
You sock the troll!
The troll is almost dead.
You barely miss the troll.
Your tail-slap misses the troll.
The troll is almost dead.
The troll barely misses you. The troll closely misses you.
The troll completely misses you.
You sock the troll!
You kill the troll!
The troll leather armour is intact enough to wear.
Your Spellcasting skill increases to level 8!
Your Conjurations skill increases to level 9!
Your Air Magic skill increases to level 9!
You have reached level 7!
Your scales start taking on a lurid green colour.
You learn Poison Magic much quicker.
You can breathe blasts of noxious fumes.
You feel resistant to poisons. The troll misses you.
The troll completely misses you. The troll misses you.
Things that are here:
a +0 troll leather armour; a troll corpse You hit the troll.
The troll is moderately wounded.
You are no longer berserk.
You are exhausted.
You feel yourself slow down. The troll bites you!
* * * LOW HITPOINT WARNING * * *
The troll barely misses you. The troll claws you.
* * * LOW HITPOINT WARNING * * *
You feel much better. The troll bites you!
* * * LOW HITPOINT WARNING * * *
The troll closely misses you. The troll claws you!
* * * LOW HITPOINT WARNING * * *
You feel yourself speed up. The troll bites you.
* * * LOW HITPOINT WARNING * * *
The troll completely misses you. x2; The troll bites you.
* * * LOW HITPOINT WARNING * * *
The troll claws you.
You die...
Your body disappears without a glow. ▓▓▓▓▓▓▓▓▓▓▓▓▓▓▓▓▓▓▓▓ __'..).[.[..')††@TO+ ▓▓▓▓▓▓▓▓▓▓▓▓▓▓▓▓▓▓▓▓

You could see a two-headed ogre and a troll.

Vanquished Creatures
  A troll (D)
  2 yaks (D)
  A centaur (D)
  A hound (D)
  2 adders (D)
  An ufetubus (D)
  A giant cockroach (D)
  A goblin (D)
  A hobgoblin (D)
  A jackal (D)
  2 kobolds (D)
14 creatures vanquished.

Notes
Turn   | Place    | Note
-------+----------+-------------------------------------------
     0 | D        | Hubris850 the Draconian Air Elementalist began the quest
                  | for the Orb.
     0 | D        | Reached XP level 1. HP: 14/14 MP: 3/3
    54 | D        | Noticed a hound
    58 | D        | Reached XP level 2. HP: 17/20 MP: 1/5
    64 | D        | Reached XP level 3. HP: 20/26 MP: 1/8
    65 | D        | Reached skill level 5 in Air Magic
   137 | D        | Found a snail-covered altar of Cheibriados.
   137 | D        | Found a shadowy altar of Dithmenos.
   137 | D        | Found a white marble altar of Elyvilon.
   137 | D        | Found a blossoming altar of Fedhas.
   137 | D        | Found an opulent altar of Gozag.
   138 | D        | Found a hazy altar of Hepliaklqana.
   139 | D        | Found a viscous altar of Jiyva.
   140 | D        | Found an ancient bone altar of Kikubaaqudgha.
   141 | D        | Found a corrupted altar of Lugonu.
   142 | D        | Found a burning altar of Makhleb.
   143 | D        | Found a sparkling altar of Nemelex Xobeh.
   144 | D        | Found an iron altar of Okawaru.
   145 | D        | Found a stormy altar of Qazlal.
   146 | D        | Found a sacrificial altar of Ru.
   147 | D        | Found a shimmering blue altar of Sif Muna.
   148 | D        | Found a bloodstained altar of Trog.
   149 | D        | Found a hide-covered altar of Uskayaw.
   150 | D        | Found a radiant altar of Vehumet.
   151 | D        | Found an ornate altar of the Wu Jian Council.
   153 | D        | Became a worshipper of Nemelex Xobeh the Trickster
   155 | D        | Found a shimmering altar of Xom.
   156 | D        | Found a basalt altar of Yredelemnul.
   157 | D        | Found a glowing silver altar of Zin.
   158 | D        | Found a glowing golden altar of the Shining One.
   194 | D        | Noticed a centaur
   194 | D        | Noticed a yak
   194 | D        | Noticed a yak
   194 | D        | Noticed a troll
   194 | D        | Noticed a troll
   194 | D        | Noticed a two-headed ogre
   206 | D        | Killed a centaur
   207 | D        | Reached skill level 5 in Spellcasting
   207 | D        | Reached skill level 5 in Conjurations
   207 | D        | Reached XP level 4. HP: 33/33 MP: 1/11
   207 | D        | Reached XP level 5. HP: 38/38 MP: 1/13
   208 | D        | Killed a yak
   209 | D        | Reached XP level 6. HP: 45/45 MP: 1/15
   212 | D        | Killed a yak
   219 | D        | Killed a troll
   220 | D        | Your scales start taking on a lurid green colour.
   220 | D        | Reached XP level 7. HP: 34/50 MP: 2/19
   220 | D        | Gained mutation: Your system is resistant to poisons.
                  | (rPois) [Green Draconian growth]
   221 | D        | HP: 1/50 [troll (5)]
   223 | D        | Slain by a troll

Illustrated notes

Levels and vault maps discovered:
D:        linesprint [early_d, line_temple, items_1, d_10, items_2, lair_1,
          lair_end, items_3, orc_1, orc_end, items_4, d_15, swamp_1, shoals_1,
          snake_1, spider_1, d_20, vaults_1, items_5, swamp_end, shoals_end,
          snake_end, spider_end, vaults_end, d_27, items_6, zot_1, zot_end,
          crypt_end, forest_end, elf_end, slime_end, tomb_end, abyss_end,
          pan_hell_end]

Skill      XL: |  1  2  3  4  5  6 |
---------------+-------------------+-----
Conjurations   | 2 3 5 7 9 |  9.2
Spellcasting   | 3 5 6 8 |  8.6
Air Magic      | 4 6 7 9 |  9.6
Dodging        | |  1.7
Stealth        | |  1.7

Action                   |  1- 3 |  4- 6 |  7- 9 || total
-------------------------+-------+-------+-------++-------
Melee: Unarmed           |     5 |       |       ||     5
       Tailslap          |     2 |     2 |       ||     4
       Quarterstaff      |     1 |    10 |     1 ||    12
 Cast: Shock             |    19 |       |       ||    19
  Use: Potion            |     3 |       |     2 ||     5
Armor: Skin              |     8 |       |       ||     8
Dodge: Dodged            |    29 |    10 |     7 ||    46

Table legend: (Time is in decaauts)
 A = Elapsed time spent in this place.
 B = Non-inter-level travel time spent in this place.
 C = Inter-level travel time spent in this place.
 D = Time resting spent in this place.
 E = Time spent auto-exploring this place.
 F = Levels seen in this place.
 G = Mean time per level.
                   A        B        C        D        E       F      G
               +--------+--------+--------+--------+--------+-----+--------+
         Total |    214 |    214 |      0 |     98 |      0 |   1 |  214.0 |
       Dungeon |    214 |    214 |      0 |     98 |      0 |   1 |  214.0 |
               +--------+--------+--------+--------+--------+-----+--------+

Top non-repeatable levels by time:
       D: 214 daAuts
